General information
- name: w
- type: Custom game
- host: darkwasp
- saver: darkwasp
map: SecretValley
- players: 3
- length: 12:38
- speed: Fast
- version: 1.26 W3XP
- replay type: Public
» download(37 KB)
Players
team 1 (winner)
darkwasp (
orange | 126 APM | 1596 actions | 12:38)
4 Blademaster
2 Wind Walk
2 Critical Strike
3 Pit Lord
2 Howl of Terror
1 Cleaving Attack
» actions
| Assign group hotkey | 192 | |
| Basic commands | 6 | |
| Build / train | 48 | |
| Enter build submenu | 12 | |
| Enter hero's abilities submenu | 7 | |
| Give item / drop item | 5 | |
| Remove unit from queue | 1 | |
| Right click | 694 | |
| Select / deselect | 190 | |
| Select group hotkey | 364 | |
| Use ability | 77 | |
1596 total
» units
| Peon | 8 | |
| Grunt | 3 | |
| Troll Headhunter/Berserker | 2 | |
| Tauren | 2 | |
| Shaman | 2 | |
17 total
» upgrades
| Shaman Training | 2 | |
| Armor | 1 | |
| Berserker Upgrade | 1 | |
| Pulverize | 1 | |
5 total
» buildings
| Altar of Storms | 1 | |
| Orc Burrow | 4 | |
| Barracks | 1 | |
| Voodoo Lounge | 1 | |
| Stronghold | 2 | |
| War Mill | 1 | |
| Beastiary | 1 | |
| Fortress | 2 | |
| Spirit Lodge | 1 | |
| Tauren Totem | 1 | |
15 total
» build order
00:04 Altar of Storms
00:09 Orc Burrow
00:26 Barracks
01:41 Orc Burrow
01:54 Voodoo Lounge
03:13 Stronghold
03:14 Stronghold
03:31 Orc Burrow
04:05 War Mill
04:34 Orc Burrow
06:14 Beastiary
06:17 Fortress
06:17 Fortress
06:19 Spirit Lodge
08:44 Tauren Totem
» items
| Circlet of Nobility | 1 | |
| Boots of Speed | 1 | |
| Healing Salve | 3 | |
| Scroll of Speed | 1 | |
| Lesser Clarity Potion | 2 | |
| Orb of Lightning | 1 | |
| Scroll of Healing | 1 | |
10 total
team 2 (loser)
Truhan (
purple | 24 APM | 307 actions | 12:37)
2 Death Knight
1 Death Coil
1 Unholy Aura
» actions
| Assign group hotkey | 1 | |
| Basic commands | 7 | |
| Build / train | 40 | |
| Enter build submenu | 13 | |
| Enter hero's abilities submenu | 2 | |
| Remove unit from queue | 1 | |
| Right click | 89 | |
| Select / deselect | 127 | |
| Select group hotkey | 2 | |
| Use ability | 25 | |
307 total
» units
| Acolyte | 11 | |
| Ghoul | 4 | |
| Crypt Fiend | 8 | |
23 total
» upgrades
| Unholy Strength | 1 | |
| Unholy Armor | 0 | |
| Creature Attack | 1 | |
| Creature Carapace | 1 | |
3 total
» buildings
| Altar of Darkness | 1 | |
| Ziggurat | 5 | |
| Crypt | 2 | |
| Tomb of Relics | 2 | |
| Graveyard | 1 | |
| Halls of the Dead | 3 | |
| Spirit Tower | 3 | |
17 total
» build order
00:16 Altar of Darkness
00:32 Ziggurat
00:51 Crypt
00:58 Tomb of Relics
01:03 Tomb of Relics
02:21 Graveyard
02:48 Crypt
03:07 Ziggurat
05:46 Ziggurat
05:47 Ziggurat
06:04 Ziggurat
06:19 Halls of the Dead
07:42 Spirit Tower
08:23 Spirit Tower
08:37 Spirit Tower
10:06 Halls of the Dead
10:07 Halls of the Dead
» items
observersMileS Chat log
(10:47 / All) Truhan: eh, I tap
(10:54 / All) darkwasp: hold on
(11:00 / All) darkwasp: the pitlord is coming
(11:03 / All) Truhan: to my feelings?
(11:12 / All) Truhan: my favorite
(11:25 / All) darkwasp: here comes the furious attack move
(12:30 / All) Truhan: geeges
(12:32 / All) darkwasp: ggs